 Dungeon Crawl Stone Soup version 0.25.1-2-g60ff931df9 (webtiles) character file.

Game seed: 8490611092187745897

538 DogServant the Ruffian (level 7, -2/59 HPs)
             Began as a Troll Chaos Knight on Nov 9, 2020.
             Was a Plaything of Xom.
             Slain by an unseen horror (shapeshifter) (4 damage)
             ... on level 4 of the Dungeon.
             The game lasted 00:03:29 (2237 turns).

DogServant the Ruffian (Troll Chaos Knight)         Turns: 2237, Time: 00:03:30

Health: -2/59      AC: 10    Str: 21    XL:     7   Next: 5%
Magic:  6/6        EV: 11    Int:  6    God:    Xom [....*.]
Gold:   157        SH:  0    Dex: 11    Spells: 6/6 levels left

rFire    . . .     SeeInvis .     - Unarmed
rCold    . . .     Gourm    +   (no shield)
rNeg     . . .     Faith    .   a - +2 robe
rPois    .         Spirit   .   (helmet restricted)
rElec    .         Reflect  .   (no cloak)
rCorr    .         Harm     .   (gloves unavailable)
MR       .....                  (boots unavailable)
Stlth    +.........             (no amulet)
HPRegen  0.59/turn              (no ring)
MPRegen  0.10/turn              (no ring)

@: no status effects
A: large, unfitting armour, claws 3, iridescent scales 1, dopey 1, fast
metabolism 3, frail 1, gourmand, regeneration 1, shaggy fur 1, tough skin 3
a: Renounce Religion


You were on level 4 of the Dungeon.
You worshipped Xom.
You were a beloved toy of Xom.
You were completely stuffed.

You visited 1 branch of the dungeon, and saw 4 of its levels.

You collected 157 gold pieces.

Inventory:

Missiles
 f - 5 curare-tipped darts
 l - a large rock (quivered)
 r - 19 poisoned darts
Armour
 a - a +2 robe (worn)
 p - a +0 tower shield
Scrolls
 c - a scroll of fog {unknown}
 d - 3 scrolls of remove curse {unknown}
 e - a scroll of noise {unknown}
 i - a scroll of magic mapping {unknown}
 k - 5 scrolls of identify {unknown}
 q - 2 scrolls of teleportation {unknown}
Potions
 g - a potion of stabbing {unknown}
 h - a potion of haste {unknown}
 m - a potion of might {unknown}
 n - a potion of lignification {unknown}
 o - 2 potions of cancellation {unknown}
 s - a potion of curing {unknown}
Comestibles
 b - 11 rations
 j - 11 chunks of flesh


   Skills:
 - Level 2.4 Fighting
 + Level 4.7 Dodging
 + Level 6.1 Unarmed Combat


You had 6 spell levels left.
You didn't know any spells.
Your spell library was empty.

Dungeon Overview and Level Annotations

Branches:
Dungeon (4/15)
 Temple: D:4-7

Altars:
Ashenzari
Kikubaaqudgha
Nemelex Xobeh
Xom


Innate Abilities, Weirdness & Mutations

You are too large for most types of armour.
You have claws for hands.
Your metabolism is lightning-fast.
You like to eat raw meat.
Your natural rate of healing is unusually fast.
You are covered in fur. (AC +1)
You have extremely tough skin. (AC +3)
You are partially covered in iridescent scales. (AC +2)
You are dopey. (Int -2)
You are frail. (-10% HP)


Message History

Press: ? - help, Shift-Dir - straight line, f/p - iguana
Aim: an iguana You throw a large rock.
The large rock hits the iguana!!
You kill the iguana!
Something hits you!
* * * LOW HITPOINT WARNING * * *
Something hits you!
* * * LOW HITPOINT WARNING * * *
Something hits you.
* * * LOW HITPOINT WARNING * * *
You see here 4 large rocks.
Something hits you.
* * * LOW HITPOINT WARNING * * *
Something hits you.
* * * LOW HITPOINT WARNING * * *
You see here 4 large rocks.
Something hits you.
* * * LOW HITPOINT WARNING * * *
Something hits you.
You die...

.......##### #.# .###..##
.. #.# .# #.## .. #.#
####.# .##.# ..#..# ...#
#.##.# #..# ..##.# #..#
#.##.## #..######.##
..#(..########..@........
###.#.)..#......#########
#...#...........# #
##.##.########...# #
#........... ...>..
######...###### ...###
(.>......... #.##
...#........# .#
##.#......>.# .#


There were no monsters in sight!

Vanquished Creatures
  A hippogriff (D:4)
  Blork the orc (D:4)
  An orc priest (D:3)
  An orc wizard (D:4)
  Jessica (D:2)
  An iguana (D:4)
  2 worker ants (D:4)
  4 adders
  2 worms (D:2)
  4 dart slugs
  2 leopard geckos (D:3)
  10 orcs
  7 bats
  6 giant cockroaches
  6 goblins
  6 hobgoblins
  5 jackals
  A quokka (D:2)
  4 frilled lizards
  3 kobolds (D:1)
  6 rats
74 creatures vanquished.

Notes
Turn   | Place    | Note
-------+----------+-------------------------------------------
     0 | D:1      | DogServant the Troll Chaos Knight began the quest for the
                  | Orb.
     0 | D:1      | Reached XP level 1. HP: 22/22 MP: 0/0
    46 | D:1      | Reached XP level 2. HP: 29/29 MP: 1/1
   382 | D:1      | Reached XP level 3. HP: 36/36 MP: 2/2
   573 | D:1      | XOM: silly message
   696 | D:2      | XOM is BORED!
   696 | D:2      | XOM: silly message
   748 | D:2      | Reached skill level 4 in Unarmed Combat
   825 | D:2      | Found a sparkling altar of Nemelex Xobeh.
   825 | D:2      | Noticed Jessica
   830 | D:2      | XOM: divination: detect items
   835 | D:2      | Killed Jessica
   835 | D:2      | Reached XP level 4. HP: 44/44 MP: 3/3
   895 | D:2      | Found an ancient bone altar of Kikubaaqudgha.
  1343 | D:3      | Reached XP level 5. HP: 48/50 MP: 4/4
  1959 | D:4      | Noticed a hippogriff
  1961 | D:4      | XOM: potion effect (invisibility)
  1962 | D:4      | XOM: silly message
  1968 | D:4      | Killed a hippogriff
  1968 | D:4      | Reached skill level 5 in Unarmed Combat
  1968 | D:4      | Reached XP level 6. HP: 41/59 MP: 5/5
  2005 | D:4      | XOM: enchant monster (good)
  2030 | D:4      | XOM is BORED!
  2030 | D:4      | XOM: give mutations
  2030 | D:4      | Gained mutation: You are frail. (-10% HP) [Xom's mischief]
  2030 | D:4      | Gained mutation: You are partially covered in iridescent
                  | scales. (AC +2) [Xom's mischief]
  2030 | D:4      | Gained mutation: You are dopey. (Int -2) [Xom's mischief]
  2056 | D:4      | XOM: scenery: create altars
  2118 | D:4      | Found a shattered altar of Ashenzari.
  2170 | D:4      | Noticed Blork the orc
  2181 | D:4      | Killed Blork the orc
  2222 | D:4      | Noticed a shapeshifter
  2222 | D:4      | a quokka changed into a shapeshifter
  2222 | D:4      | XOM: polymorph quokka -> shapeshifter
  2222 | D:4      | a shapeshifter changed into something unseen
  2228 | D:4      | Reached skill level 6 in Unarmed Combat
  2228 | D:4      | Reached XP level 7. HP: 41/59 MP: 6/6
  2235 | D:4      | HP: 2/59 [something (2)]
  2237 | D:4      | Slain by an unseen horror (shapeshifter)

Illustrated notes

Levels and vault maps discovered:
D:1:      dpeg_arrival_connections, layout_loops_ring, minmay_heptomino_h4
D:2:      layout_rooms, lemuel_coloured_pillars_altar, minivault_14,
          nemelex_altar_shiori, uniq_jessica
D:3:      lemuel_upstairs_altar, layout_loops_ring, hex_tiny,
          kennysheep_crisscross
D:4:      layout_loops_ring, kennysheep_little_box, kennysheep_nub,
          uniq_blork_the_orc

Skill      XL: |  1  2  3  4  5  6 |
---------------+-------------------+-----
Dodging        | 2 3 4 |  4.7
Unarmed Combat | 4 5 6 |  6.1
Fighting       | |  2.4

Action                   |  1- 3 |  4- 6 |  7- 9 || total
-------------------------+-------+-------+-------++-------
Melee: Unarmed           |    71 |    91 |       ||   162
Throw: Large rock        |     2 |    10 |     4 ||    16
       Dart              |     2 |       |       ||     2
 Stab: Sleeping          |       |     2 |       ||     2
       Invisible         |       |     2 |       ||     2
  Eat: Chunk             |    13 |    13 |       ||    26
Armor: Robe              |    28 |    34 |     3 ||    65
Dodge: Dodged            |    42 |    48 |     3 ||    93
